 Dungeon Crawl Stone Soup version 0.22-a0-612-gd2f0174 (webtiles) character file.

12022 sking99 the Martial Artist (level 11, -3/101 HPs)
             Began as a Red Draconian Transmuter on July 11, 2018.
             Was an Elder of Wu Jian.
             Slain by a death yak simulacrum (19 damage)
             ... in an ice cave.
             The game lasted 00:46:07 (12897 turns).

sking99 the Martial Artist (DrTm)                  Turns: 12897, Time: 00:46:08

Health: -3/101     AC:  8    Str: 12    XL:     11   Next: 57%
Magic:  14/14      EV: 19    Int: 15    God:    Wu Jian [****..]
Gold:   531        SH:  0    Dex: 18    Spells: 5/14 levels left

rFire    + + .     SeeInvis .     - Unarmed
rCold    + . .     Gourm    .   (no shield)
rNeg     . . .     Faith    .   (armour unavailable)
rPois    .         Spirit   .   (helmet restricted)
rElec    .         Reflect  .   w - scarf {rC+ rF+}
rCorr    .         Harm     .   u - +0 pair of gloves
MR       .....                  (no boots)
Stlth    +++.......             y - amulet of regeneration
HPRegen  0.66/turn              o - ring of stealth
MPRegen  0.14/turn              t - +4 ring of dexterity

@: no status effects
A: breathe fire, unfitting armour, fire resistance 1, cold-blooded, AC +7
a: Breathe Fire, Wall Jump, Serpent's Lash, Renounce Religion


You were in an ice cave.
You worshipped Wu Jian.
Wu Jian was greatly pleased with you.
You were not hungry.

You visited 2 branches of the dungeon, and saw 11 of its levels.
You also visited: Sewer, Ossuary and Ice Cave.

You collected 531 gold pieces.

Inventory:

Hand Weapons
 a - a +0 scimitar of flaming
Missiles
 C - 196 arrows
Armour
 u - a +0 pair of gloves (worn)
 w - a scarf of resistance (worn)
 F - a +0 cloak
Jewellery
 o - a ring of stealth (left hand)
 t - a +4 ring of dexterity (right hand)
 y - an amulet of regeneration (around neck)
 A - an uncursed amulet of faith {unknown}
 G - a +5 ring of strength {unknown}
Wands
 k - a wand of polymorph (20)
 v - a wand of random effects (31)
 x - a wand of iceblast (11)
 B - a wand of acid (22)
 E - a wand of disintegration (2)
Scrolls
 b - 14 scrolls of identify
 g - 4 scrolls of amnesia
 h - 3 scrolls of fog
 i - 7 scrolls of remove curse
 j - 5 scrolls of teleportation
 q - 2 scrolls of fear
 r - 3 scrolls of immolation
 z - 2 scrolls of noise
 H - 2 scrolls of blinking
 J - a scroll of enchant armour {unknown}
Potions
 e - a potion of brilliance
 f - a potion of agility
 l - 2 potions of haste
 m - 7 potions of heal wounds
 n - a potion of lignification
 p - 7 potions of flight
 s - 6 potions of curing
 D - a potion of invisibility {unknown}
 K - 2 potions of cancellation {unknown}
Comestibles
 c - 18 rations


   Skills:
 + Level 10.4 Fighting
 + Level 9.0 Dodging
 - Level 12.0 Unarmed Combat
 - Level 2.0 Spellcasting
 - Level 2.0 Hexes
 - Level 5.0 Transmutations


You had 5 spell levels left.
You knew the following spells:

 Your Spells              Type           Power        Failure   Level  Hunger
a - Beastly Appendage     Tmut           ###...       2%          1    #......
b - Sticks to Snakes      Tmut           ###.....     4%          2    ###....
c - Blade Hands           Tmut           ###.......   61%         5    ######.
d - Confusing Touch       Hex            #.....       10%         1    #......

Your spell library contained the following spells:

 Spells                   Type           Power        Failure   Level  Hunger
 Confuse                  Hex            #.......     28%         3    ###....
 Summon Small Mammal      Summ           #...         22%         1    #......
 Summon Ice Beast         Ice/Summ       #.......     91%         4    #####..
 Call Imp                 Summ           #.......     32%         2    ###....
 Spider Form              Tmut/Pois      #.........   24%         3    ###....
 Ice Form                 Ice/Tmut       #.......     61%         4    #####..
 Call Canine Familiar     Summ           #.......     54%         3    ###....
 Metabolic Englaciation   Hex/Ice        #.........   99%         5    ######.
 Petrify                  Tmut/Erth      #.......     61%         4    #####..
 Summon Lightning Spire   Summ/Air       #.......     91%         4    #####..
 Summon Guardian Golem    Hex/Summ       #.......     41%         3    ###....
 Gell's Gravitas          Tloc           #.........   54%         3    ###....
 Yara's Violent Unravell  Hex/Tmut       ##........   82%         5    ######.


Dungeon Overview and Level Annotations

Branches:
Dungeon (10/15)            Temple (0/1) D:5            Lair (1/6) D:8
    Orc (0/2) D:10

Altars:
Ashenzari
Dithmenos
Elyvilon
Fedhas
Gozag
Hepliaklqana
Kikubaaqudgha
Nemelex Xobeh
Qazlal
Ru
Sif Muna
Trog
Uskayaw
Wu Jian
Xom
Yredelemnul
Zin
The Shining One


Innate Abilities, Weirdness & Mutations

You can breathe blasts of fire.
Your fiery red scales are hard. (AC +7)
You cannot fit into any form of body armour.
Your flesh is heat resistant. (rF+)
You are cold-blooded and may be slowed by cold attacks.


Message History

The death yak simulacrum is lightly damaged.
The wolf spider simulacrum barely misses you.
The wolf spider simulacrum bites you. The wolf spider simulacrum freezes you!
You resist.
You spin and attack the wolf spider simulacrum.
You barely miss the wolf spider simulacrum.
The wolf spider simulacrum is almost destroyed.
You spin and attack the death yak simulacrum repeatedly.
You hit the death yak simulacrum. You punch the death yak simulacrum.
The death yak simulacrum is moderately damaged.
You punch the death yak simulacrum!
The death yak simulacrum is heavily damaged.
The wolf spider simulacrum closely misses you.
The wolf spider simulacrum bites you! The wolf spider simulacrum freezes you!
You resist.
* * * LOW HITPOINT WARNING * * *
The death yak simulacrum gores you!
* * * LOW HITPOINT WARNING * * *
The death yak simulacrum freezes you!! You resist.
You die...

#### ##..##
##...Z###
#....Z..##..
#.∩.@Z......
#..........#
##....##..##
##..## ##
####


You could see a death yak simulacrum (pinned), a polar bear simulacrum and a
wolf spider simulacrum (pinned).

Vanquished Creatures
  Erica (D:8)
  2 two-headed ogres
  An unseen horror (D:10)
  A deep elf mage (D:10)
  A manticore (D:8)
  Maurice (D:8)
  Psyche (D:8)
  A spiny frog (Lair:1)
  2 ice devils (Lair:1)
  Prince Ribbit (D:8)
  3 hippogriffs (D:10)
  5 yaks (D:10)
  Eustachio (D:5)
  A warg (D:10)
  A soldier ant (D:9)
  2 ice beasts
  2 orc warriors
  9 ogres
  A black bear (D:10)
  6 centaurs
  A big kobold (Sewer)
  14 bullfrogs
  A scorpion (D:7)
  9 killer bees
  5 wights (D:7)
  A crimson imp (D:9)
  3 quasits
  6 jellies
  5 bullfrog skeletons
  A centaur zombie (D:5)
  8 orc wizards
  4 orc priests
  5 hounds
  A centaur skeleton (D:10)
  Ijyb (D:5)
  8 worker ants
  A wolf simulacrum (IceCv)
  2 hound zombies
  A hound skeleton (D:4)
  4 mummies (Ossuary)
  A worker ant zombie (D:5)
  10 adders
  3 gnolls (D:3)
  4 river rats
  3 shadow imps
  9 oozes
  4 worms
  2 dart slugs
  4 leopard geckos
  33 orcs
  7 giant cockroaches
  17 goblins
  10 hobgoblins
  4 jackals
  A quokka (D:6)
  4 ball pythons
  7 bats
  5 frilled lizards
  2 goblin zombies (Ossuary)
  4 jackal zombies
  19 kobolds
  A kobold zombie (Ossuary)
  A quokka zombie (D:5)
  15 rats
  A rat zombie (Ossuary)
295 creatures vanquished.

Vanquished Creatures (collateral kills)
  A two-headed ogre (D:5)
  A human zombie (Ossuary)
  2 jackal zombies (Ossuary)
  An orc zombie (Ossuary)
5 creatures vanquished.

Vanquished Creatures (others)
  A fungus (D:2)
  8 toadstools (D:2)
9 creatures vanquished.

Grand Total: 309 creatures vanquished

Notes
Turn   | Place    | Note
-------+----------+-------------------------------------------
     0 | D:1      | sking99 the Draconian Transmuter began the quest for the Orb.
     0 | D:1      | Reached XP level 1. HP: 16/16 MP: 3/3
   241 | D:1      | Reached XP level 2. HP: 20/23 MP: 5/5
  1094 | D:2      | Reached XP level 3. HP: 28/29 MP: 6/6
  2044 | D:2      | HP: 1/29 [acid (10)]
  2356 | D:1      | Reached skill level 4 in Unarmed Combat
  2356 | D:1      | Reached XP level 4. HP: 20/36 MP: 5/7
  2360 | D:1      | Learned a level 2 spell: Sticks to Snakes
  2716 | D:2      | Reached XP level 5. HP: 30/42 MP: 0/8
  2855 | D:3      | Found a sparkling altar of Nemelex Xobeh.
  2882 | D:3      | Found an ornate altar of the Wu Jian Council.
  2889 | D:3      | Became a worshipper of the Wu Jian Council
  3376 | D:3      | Reached * piety under Wu Jian
  3471 | D:3      | Found a basalt altar of Yredelemnul.
  3655 | D:4      | Learned a level 5 spell: Blade Hands
  3997 | D:4      | Reached XP level 6. HP: 42/51 MP: 9/9
  4459 | D:4      | Reached skill level 5 in Unarmed Combat
  4559 | D:4      | Found a white marble altar of Elyvilon.
  4744 | D:4      | Found a bloodstained altar of Trog.
  4855 | D:5      | Entered Level 5 of the Dungeon
  4867 | D:5      | Noticed Eustachio
  4892 | D:5      | Killed Eustachio
  4892 | D:5      | Your scales start taking on a fiery red colour.
  4892 | D:5      | Reached XP level 7. HP: 46/57 MP: 10/10
  4892 | D:5      | Gained mutation: Your flesh is heat resistant. (rF+) [Red Draconian growth]
  5015 | D:5      | Found a glowing drain.
  5024 | Sewer    | Entered a sewer
  5053 | Sewer    | Reached ** piety under Wu Jian
  5283 | Sewer    | Found a glowing silver altar of Zin.
  5415 | D:5      | Found a staircase to the Ecumenical Temple.
  5426 | D:5      | Reached skill level 6 in Unarmed Combat
  5469 | D:5      | Noticed a two-headed ogre
  5492 | D:5      | Killed a two-headed ogre
  5492 | D:5      | Reached skill level 5 in Fighting
  5492 | D:5      | Reached skill level 7 in Unarmed Combat
  5492 | D:5      | Reached XP level 8. HP: 34/68 MP: 8/11
  5527 | D:5      | Found a sand-covered staircase.
  5546 | Ossuary  | Entered an ossuary
  5793 | Ossuary  | Reached skill level 5 in Transmutations
  5859 | D:5      | Noticed Ijyb
  5869 | D:5      | Killed Ijyb
  5869 | D:5      | Reached *** piety under Wu Jian
  6244 | D:5      | Reached skill level 5 in Dodging
  6244 | D:5      | Reached skill level 8 in Unarmed Combat
  6490 | D:6      | Reached XP level 9. HP: 41/75 MP: 12/12
  7034 | D:6      | Found a deep blue altar of Sif Muna.
  7038 | D:6      | Found a bloodstained altar of Trog.
  7038 | D:6      | Found a shimmering altar of Xom.
  7040 | D:6      | Found a glowing silver altar of Zin.
  7040 | D:6      | Found a glowing golden altar of the Shining One.
  7040 | D:6      | Found a hide-covered altar of Uskayaw.
  7251 | D:6      | Reached skill level 9 in Unarmed Combat
  7269 | D:6      | Found a bloodstained altar of Trog.
  7404 | D:6      | Found an ancient bone altar of Kikubaaqudgha.
  7410 | D:6      | Found a blossoming altar of Fedhas.
  7413 | D:6      | Found an opulent altar of Gozag.
  7653 | D:7      | Found a shattered altar of Ashenzari.
  7778 | D:7      | Found a deep blue altar of Sif Muna.
  8058 | D:7      | Reached **** piety under Wu Jian
  8463 | D:7      | Found a hazy altar of Hepliaklqana.
  8768 | D:7      | Found a shadowy altar of Dithmenos.
  8854 | D:8      | Noticed Prince Ribbit
  8874 | D:8      | Killed Prince Ribbit
  8874 | D:8      | Reached skill level 10 in Unarmed Combat
  9102 | D:8      | Noticed a manticore
  9115 | D:8      | Killed a manticore
  9115 | D:8      | Reached XP level 10. HP: 41/86 MP: 13/13
  9317 | D:8      | Noticed Psyche
  9328 | D:8      | Killed Psyche
  9335 | D:8      | Noticed Erica
  9345 | D:8      | Killed Erica
  9501 | D:8      | Found a staircase to the Lair.
  9501 | D:8      | Noticed Maurice
  9514 | D:8      | Killed Maurice
  9851 | D:8      | Reached skill level 11 in Unarmed Combat
 10016 | D:8      | Learned a level 1 spell: Confusing Touch
 10656 | D:9      | Found a sacrificial altar of Ru.
 10762 | D:9      | Noticed a two-headed ogre
 10783 | D:9      | Killed a two-headed ogre
 10783 | D:9      | Reached skill level 1 in Hexes
 11092 | D:9      | Found a stormy altar of Qazlal.
 11527 | D:10     | Entered Level 10 of the Dungeon
 11594 | D:10     | Noticed a two-headed ogre
 11611 | D:10     | Killed a two-headed ogre
 11611 | D:10     | Reached XP level 11. HP: 52/95 MP: 14/14
 11799 | D:10     | Reached skill level 12 in Unarmed Combat
 11931 | D:10     | Found a staircase to the Orcish Mines.
 12094 | D:10     | Noticed a deep elf mage
 12107 | D:10     | Killed a deep elf mage
 12107 | D:10     | Reached ***** piety under Wu Jian
 12277 | D:10     | Killed an unseen horror
 12277 | D:10     | Reached skill level 10 in Fighting
 12691 | Lair:1   | Entered Level 1 of the Lair of Beasts
 12795 | Lair:1   | Found a frozen archway.
 12889 | IceCv    | Entered an ice cave
 12897 | IceCv    | Slain by a death yak simulacrum

Vault maps used:
D:1:      shiori_shiawase, hangedman_abyss_or_decor_lesser_grid,
          grunt_decor_cap, minmay_shallow_snake_nest
D:2:      cheibrodos_fertilizer
D:3:      nicolae_overflow_hidden_temple, lemuel_round_altar,
          overflow_temple_1_default, lemuel_doored_altar
D:4:      kennysheep_mini, minmay_misc_feat_four_crosses, trog_hazing_becter
D:5:      minmay_temple_entry_overgrown, first_ration,
          lightli_sewer_entry_pipes, serial_undead, serial_undead_d,
          serial_undead_f, serial_undead_a, serial_undead_e, enter_ossuary_5,
          uniq_ijyb, uniq_eustachio
D:6:      grunt_temple_overflow_diamond, doesnt_xom_only_xom,
          kennysheep_mini_moat
D:7:      grunt_dithmenos_shadows, marbit_many_paths, old_standard_altar,
          led_sif_pool
D:8:      lair_entry_dummy, uniq_maurice, uniq_psyche, uniq_prince_ribbit1,
          uniq_erica
D:9:      nicolae_ru_great_annihilating_truth, kennysheep_little_box
D:10:     erik_orc_3
Lair:1:   portal_ice_cave_demonic_guard, uniq_gastronok
Sewer:    sewer_kobolds
Ossuary:  ossuary_minmay_tomb_2a
IceCv:    ice_cave_small_necro

Skill      XL: |  1  2  3  4  5  6  7  8  9 10 11 |
---------------+----------------------------------+-----
Dodging        | 2 3 4 5 6 7 9 |  9.0
Fighting       | 2 3 5 7 8 10 | 10.4
Unarmed Combat | 4 5 7 8 10 11 12 | 12.0
Transmutations | 3 4 5 |  5.0
Hexes          | 2 |  2.0
Spellcasting   | |  2.0

Action                   |  1- 3 |  4- 6 |  7- 9 | 10-12 || total
-------------------------+-------+-------+-------+-------++-------
Melee: Unarmed           |   148 |   286 |   447 |   353 ||  1234
       Tailslap          |    14 |    27 |    64 |    56 ||   161
       Punch             |     4 |     5 |    18 |    31 ||    58
       Kick              |     4 |     5 |     9 |       ||    18
       Headbutt          |     2 |     7 |       |       ||     9
 Cast: Beastly Appendage |     4 |     7 |     4 |       ||    15
       Sticks to Snakes  |       |     4 |     3 |       ||     7
       Confusing Touch   |       |       |       |     4 ||     4
Invok: Lunge             |       |    17 |    24 |    21 ||    62
       Whirlwind         |       |    21 |    54 |    39 ||   114
       Wall Jump         |       |       |    18 |    18 ||    36
       Serpent's Lash    |       |       |     1 |     1 ||     2
       Heavenly Storm    |       |       |       |     1 ||     1
 Abil: Breathe Fire      |       |       |    18 |     8 ||    26
       Wall Jump         |       |       |     1 |       ||     1
  Use: Scroll            |     2 |    14 |     2 |     2 ||    20
       Potion            |       |       |       |     2 ||     2
 Stab: Sleeping          |     2 |     1 |     6 |     3 ||    12
       Distracted        |     1 |       |     3 |     1 ||     5
       Confused          |       |       |       |     3 ||     3
       Paralysed         |       |       |       |     1 ||     1
  Eat: Chunk             |     2 |     8 |    14 |    14 ||    38
       Ration            |     1 |       |     1 |       ||     2
Armor: Skin              |    54 |    56 |    82 |    68 ||   260
Dodge: Dodged            |   118 |   196 |   289 |   192 ||   795

Table legend:
 A = Spawn XP
 B = Non-spawn XP
 C = Spawn XP percentage of total XP
 D = Spawn monster count
 E = Non-spawn monster count
 F = Spawn count percentage of total count
 G = Total turns spent on level
                    A         B        C        D         E        F      G
               +---------+---------+-------+---------+---------+-------+---------
         Total |       0 |   17175 |   0.0 |       0 |     300 |   0.0 | 12897
               +---------+---------+-------+---------+---------+-------+---------
           D:1 |       0 |      72 |   0.0 |       0 |      21 |   0.0 |  1449
           D:2 |       0 |     143 |   0.0 |       0 |      36 |   0.0 |  1393
           D:3 |       0 |      94 |   0.0 |       0 |      23 |   0.0 |   842
           D:4 |       0 |     227 |   0.0 |       0 |      23 |   0.0 |  1171
           D:5 |       0 |    1826 |   0.0 |       0 |      31 |   0.0 |  1001
           D:6 |       0 |    1057 |   0.0 |       0 |      18 |   0.0 |  1082
           D:7 |       0 |    1115 |   0.0 |       0 |      24 |   0.0 |  1334
           D:8 |       0 |    3280 |   0.0 |       0 |      15 |   0.0 |  1563
           D:9 |       0 |    2126 |   0.0 |       0 |      30 |   0.0 |  1151
          D:10 |       0 |    5764 |   0.0 |       0 |      47 |   0.0 |  1123
        Lair:1 |       0 |    1152 |   0.0 |       0 |       3 |   0.0 |   198
         Sewer |       0 |     158 |   0.0 |       0 |      12 |   0.0 |   303
       Ossuary |       0 |     132 |   0.0 |       0 |      16 |   0.0 |   279
         IceCv |       0 |      29 |   0.0 |       0 |       1 |   0.0 |     8
               +---------+---------+-------+---------+---------+-------+---------
